 Dungeon Crawl Stone Soup version 0.31-a0-851-g7ff8af7976 (webtiles) character file.

Game seed: 16106348806561664258

60 avis the Ducker (level 3, 16/16 HPs)
             Began as a Felid Shapeshifter on Oct 7, 2023.
             Got out of the dungeon alive.
             The game lasted 00:06:43 (1196 turns).

avis the Ducker (Felid Shapeshifter)                Turns: 1196, Time: 00:06:43

Health: 16/16      AC:  1    Str: 12    XL:     3   Next: 80%
Magic:  4/4        EV: 18    Int: 11    God:
Gold:   63         SH:  0    Dex: 15    Spells: 2/2 levels left
                                        Lives:  0   Deaths: 1

rFire   . .          .
                       - Unarmed
rCold   . . .        (shield unavailable)
rNeg    . . .        (body armour unavailable)
rPois   .            (helmet unavailable)
rElec   .            (cloak unavailable)
rCorr   .            (gloves unavailable)
SInv    +            (boots unavailable)
Will    .....        (no amulet)
Stlth   ++           (no ring)
HPRegen 0.22/turn    (no ring)
MPRegen 0.09/turn

%: no passive effects
@: beast-form, quick
A: beast (slay +2), very small, claws 1, fangs 3, see invisible, speed 1, shaggy
fur 1, stealthy paws, no weapons or thrown items, no armour, multi-lived
a: Begin Untransformation


You escaped.
You were a hulking beast.
You visited 1 branch of the dungeon, and saw 2 of its levels.

You collected 63 gold pieces.

Inventory:

Talismans
 b - a beast talisman (active)
 f - a flux talisman
 m - a maw talisman
Scrolls
 c - a scroll of silence {unknown}
 d - 3 scrolls of identify {unknown}
 g - a scroll of revelation {unknown}
 h - a scroll of teleportation {unknown}
 i - a scroll of poison {unknown}
 j - a scroll of blinking {unknown}
Potions
 a - a potion of lignification
 e - a potion of heal wounds {unknown}


   Skills:
 - Level 2.0 Fighting
 * Level 4.6 Dodging
 - Level 1.0 Stealth
 - Level 3.0 Unarmed Combat
 - Level 3.5 Shapeshifting


You had 2 spell levels left.
You didn't know any spells.
Your spell library contained the following spells:

 Spells                   Type           Power      Damage    Failure   Level
 Call Canine Familiar     Summ           0%         N/A       71%         3
 Sigil of Binding         Hex            0%         N/A       71%         3
 Leda's Liquefaction      Hex/Erth       0%         N/A       98%         4
 Dimensional Bullseye     Hex/Tloc       Unusable   N/A       N/A         4

Dungeon Overview and Level Annotations

Branches:
Dungeon (2/15)

Altars:


Innate Abilities, Weirdness & Mutations

You are a hulking beast.
Your limbs bulge with bestial killing power. (Slay +2)
You have sharp claws.
You have razor-sharp teeth.
You have supernaturally acute eyesight. (SInv)
You cover ground quickly. (Speed+)
You are covered in fur. (AC +1)
Your paws help you pounce on unaware monsters.
You are incapable of wielding weapons or throwing items.
You cannot wear armour.
You gain extra lives every three experience levels.


Message History

The adder is almost dead.
The bat closely misses you. The endoplasm misses you. The adder bites you.
You barely miss the adder.
The adder is almost dead.
The bat misses you. The adder bites you. The endoplasm freezes you.
You are frozen.
You closely miss the adder.
The adder is almost dead.
The bat misses you. The bat barely misses you. The adder barely misses you.
The endoplasm misses you.
You closely miss the adder.
The adder is almost dead.
The bat hits you but does no damage. The adder barely misses you.
The endoplasm misses you. The adder misses you.
You miss the adder.
The adder is almost dead.
The goblin hits you with a +0 dagger.
* * * LOW HITPOINT WARNING * * *
The adder closely misses you. The endoplasm closely misses you.
You closely miss the adder. Your bite misses the adder.
The adder is almost dead.
The adder completely misses you. The goblin barely misses you.
The endoplasm freezes you.
You are frozen.
You die...
Your shape twists and changes as you die.
You rejoin the land of the living...
Found a book of the Hunter.
You pick up a book of the Hunter and begin reading...
You add the spells Sigil of Binding, Call Canine Familiar and Leda's Liquefaction to your library.
You open the door.
There is an open door here.
There is a stone staircase leading up here.
You climb upwards.
There is a stone staircase leading down, spattered with blood here.
There is an open door here.
There is an open door here.
There is a staircase leading out of the dungeon here.
You have escaped!

#...........# #.#[#.# #.#
########.#.#.###.#+#.# #.#
#......#.#.'.....'.#.# #.#
##......'.#.#######.#.###.#
........#......+....'.)...#
........#.#.#+#####.#.###.#
........#.#.#.....'.#.# #.#
..#######.###.....###.# #.#
..# #.')#..>h.#...# #.#
..## #.###.....###.# #.#
...# #.#.'.....'.#.# ###
##)## ###.#.#######.#.#
#..###.)......'.(....#
##.....###.#######.#.#
####..# #.'.....#.#.#
##.###+#+###)#.#.#
#.......# #.#(#)#


There were no monsters in sight!

Vanquished Creatures
  3 gnolls (D:1)
  2 endoplasms (D:1)
  2 giant cockroaches (D:1)
  6 goblins (D:1)
  3 hobgoblins (D:1)
  4 kobolds
  A quokka (D:1)
  4 bats
  4 frilled lizards
  2 rats
31 creatures vanquished.

Notes
Turn   | Place    | Note
-------+----------+-------------------------------------------
     0 | D:1      | avis the Felid Shapeshifter began the quest for the Orb.
     0 | D:1      | Reached XP level 1. HP: 9/9 MP: 2/2
   156 | D:1      | Reached XP level 2. HP: 13/13 MP: 3/3
   234 | D:1      | Reached skill level 3 in Dodging
   358 | D:1      | Reached XP level 3. HP: 16/16 MP: 4/4
   505 | D:1      | Reached skill level 4 in Dodging
   996 | D:1      | Reached skill level 1 in Stealth
  1161 | D:2      | Frozen to death by an endoplasm
  1196 | D:$      | Got out of the dungeon alive.

Illustrated notes

Levels and vault maps discovered:
D:1:      shiori_arrival_maze, layout_basic
D:2:      layout_basic, minmay_pentomino_s2

Skill      XL: |  1  2  3 |
---------------+----------+-----
Fighting       | 2 |  2.0
Dodging        | 3 4 |  4.6
Stealth        | 1 |  1.0
Unarmed Combat | |  3.0
Shapeshifting  | |  3.5

Action                     || total
---------------------------++-------
  Melee: Unarmed           ||    96
         Punch             ||     4
         Bite              ||     5
   Stab: Sleeping          ||     5
 Armour: Skin              ||    24
  Dodge: Dodged            ||    91

Table legend: (Time is in decaauts)
 A = Elapsed time spent in this place.
 B = Non-inter-level travel time spent in this place.
 C = Inter-level travel time spent in this place.
 D = Time resting spent in this place.
 E = Time spent auto-exploring this place.
 F = Levels seen in this place.
 G = Mean time per level.
                   A        B        C        D        E       F      G
               +--------+--------+--------+--------+--------+-----+--------+
         Total |   1038 |    950 |     88 |    238 |    369 |   2 |  519.0 |
       Dungeon |   1038 |    950 |     88 |    238 |    369 |   2 |  519.0 |
               +--------+--------+--------+--------+--------+-----+--------+

Top non-repeatable levels by time:
     D:1: 862 daAuts
     D:2: 176 daAuts
